Mecha, chaotic female elven Priestess -- -. - -- -------- .... |.--.|.|..- ---- --- --- -- .............--..---..| -..-- |. ...................-- --....--- .. .............>....-----........| -. -- ... (...............|........."| |..--.- ...- -.......................... ...... -.... -...................- ..... -.... -.............- | -.... ... --- ---......-.....| |. ---....-----.----.-----..............| -..|...............^...............| - |.........--.)----...--....--....--- --...........@u--............|..-- --........[[)......^...|..-.|.-- ---------........).k.........--......| -...................))..)...............---- -------------..........|.--.......---..%)..| ---------.------------- |..--..| --- -------- Mecha the Adept Experience level: 9 Strength: 16 Dexterity: 15 Constitution: 15 Intelligence: 10 Wisdom: 10 Charisma: 10 Health: 0(57) Energy: 102(102) AC: -1 Gold: 0 Moves: 7402 Your Inventory: Weapons a - a blessed +1 mace (weapon in hand) Armor b - an uncursed greased +0 robe (being worn) c - an uncursed +0 small shield (being worn) h - an uncursed +0 elven mithril-coat (being worn) Scrolls y - a cursed scroll labeled LEP GEX VEN ZEA [of remove curse] D - an uncursed scroll called 50 [of teleportation] Potions r - a blessed sparkling potion [of paralysis] z - a blessed potion called 50 [of healing] B - an uncursed potion called 50 [of extra healing] V - an uncursed white potion [of confusion] Wands I - an uncursed wand of fire [0:4] P - an uncursed wand called makes engraving vanish [of teleportation (0:4)] Tools l - an uncursed [+0] unicorn horn q - a blessed figurine of a lizard t - a blessed [magic] lamp (lit) u - an uncursed [tallow] candle v - an uncursed pair of lenses (being worn) w - an uncursed towel x - an uncursed bag called holding [of holding] M - an uncursed key [skeleton key] Contents of the bag of holding: 766 gold pieces an uncursed [+0] bow an uncursed +0 elven mithril-coat an uncursed food ration an uncursed lizard corpse 2 uncursed tripe rations a blessed spellbook of cure blindness an uncursed spellbook of remove curse 4 potions of holy water an uncursed potion of oil a cursed steel ring [of polymorph] an uncursed bell an uncursed can of grease [0:24] an uncursed [wax] candle 3 uncursed [tallow] candles an uncursed oil lamp (0:1026) 2 uncursed black gems [worthless glass] an uncursed blue gem [sapphire] an uncursed gray stone [luckstone] 3 uncursed orange gems [worthless glass] 3 uncursed red gems [worthless glass] an uncursed violet gem [worthless glass] an uncursed white gem [worthless glass] 2 uncursed yellow gems [worthless glass] an uncursed yellow gem [citrine] Spells known in the end: Name Level Category Fail Memory a - cure blindness 2 healing 64% [||||||..] b - remove curse 3 clerical 35% [||||||..] Your skills at the end: Fighting Skills shield [Basic / Expert] Weapon Skills mace [Skilled / Expert] Spellcasting Skills clerical spells [Basic / Expert] Final Attributes: You were piously aligned. Hunger level was 555. Your alignment was 45 / 47. Monster difficulty range was 1 - 8. Level difficulty was 7. You were immune to sleep. You saw invisible. You were telepathic. You had infravision. Your luck was zero. You are dead. Vanquished creatures: 2 large mimics 2 small mimics 2 leprechauns a gnome king a lizard a housecat a gray unicorn a dust vortex a snake a rope golem a bugbear a rock mole a pony 2 yellow lights 5 gnome lords 2 gnomish wizards a kobold mummy 2 red naga hatchlings 2 elf zombies 5 giant ants 2 little dogs 4 floating eyes a kitten 7 dwarves 2 giant bats 4 orc zombies a wererat 2 iguanas 5 killer bees an acid blob 2 coyotes a gas spore 5 hobbits 2 large kobolds 3 giant rats 2 cave spiders a brown mold a red mold 33 gnomes 2 garter snakes 6 geckos 10 jackals 4 foxes 2 kobolds a goblin 3 sewer rats 6 grid bugs a bat 2 lichens 6 newts 157 creatures vanquished. Voluntary challenges: You used a wielded weapon 230 times. You read items or engraved 25 times. You put on armor 14 times. You never genocided any monsters. You never polymorphed an object. You never changed form. You used no wishes. You wrote Elbereth's name 19 times. You never encountered a bones level. You never used any Sokoban shortcuts. Dungeon overview: The Dungeons of Doom: levels 1 to 4 Level 1 some fountains a long staircase Level 2 a general store, some fountains, a sink Level 3 a tool shop, a fountain Level 4 a general store stairs to The Gnomish Mines The Gnomish Mines: levels 5 to 7 Level 5 stairs to The Dungeons of Doom Level 7 <- You were here History has recorded: On T:1 you entered the Dungeons of Doom to retrieve the Amulet of Yendor! On T:582 you advanced to experience level 2. On T:737 you reached level 2 of The Dungeons of Doom. On T:850 you advanced to experience level 3. On T:1454 you advanced to experience level 4. On T:1819 you advanced to experience level 5. On T:1965 you advanced to experience level 6. On T:2147 you reached level 3 of The Dungeons of Doom. On T:2728 you advanced to experience level 7. On T:3818 you reached level 4 of The Dungeons of Doom. On T:4655 you advanced to experience level 8. On T:5277 you reached level 1 of The Gnomish Mines. On T:5621 you reached level 2 of The Gnomish Mines. On T:6422 you reached level 3 of The Gnomish Mines. On T:7075 you advanced to experience level 9. Latest messages: The kobold lord wields an uncursed broad short sword! The kobold lord wields a bow! The gray unicorn butts! The gray unicorn misses. The gray unicorn butts! The gray unicorn misses. [HP-16=37] You miss the gray unicorn. The gray unicorn misses. The gray unicorn kicks! The gray unicorn misses. (2x) [HP-3=34] You miss the gray unicorn. The gray unicorn butts! The gray unicorn misses. (3x) [HP-9=25] You miss the gray unicorn. The gray unicorn butts! The gray unicorn misses. The gray unicorn butts! The gray unicorn kicks! [HP-24=1] You write "Elbereth" with your fingers into the dust. The kobold lord shoots an arrow! You are hit by an arrow! You die... Final status: Goodbye Mecha the Priestess... You died in The Gnomish Mines on dungeon level 7 with 7374 points, and 766 pieces of gold, after 7402 moves. You were level 9 with a maximum of 57 hit points when you died.